 Dungeon Crawl Stone Soup version 0.26.1-11-gd32895ea62 (webtiles) character file.

Game seed: 9907455015079786985

11188 Almogavar the Grappler (level 11, -6/101 HPs)
             Began as a Troll Monk on May 9, 2021.
             Was a High Priest of Qazlal.
             Mangled by a stone giant (24 damage)
             ... on level 10 of the Dungeon.
             The game lasted 00:24:11 (9962 turns).

Almogavar the Grappler (Troll Monk)                 Turns: 9962, Time: 00:24:12

Health: -6/101     AC: 15    Str: 24    XL:     11   Next: 46%
Magic:  13/13      EV: 28    Int:  6    God:    Qazlal [*****.]
Gold:   673        SH:  7    Dex: 12    Spells: 10/10 levels left

rFire    . . .     SeeInvis .     - Unarmed
rCold    . . .     Faith    .   (no shield)
rNeg     . . .     Spirit   .   H - +2 robe {Will+}
rPois    +         Reflect  .   (helmet restricted)
rElec    .         Harm     .   (no cloak)
rCorr    .         Rampage  .   (gloves unavailable)
Will     +....                  (boots unavailable)
Stlth    +.........             x - amulet of the acrobat
HPRegen  0.66/turn              r - +4 ring of protection
MPRegen  0.13/turn              A - ring of poison resistance

@: protected from physical damage, acrobat, studying Dodging, repel missiles
A: large, unfitting armour, claws 3, regeneration 1, shaggy fur 1, tough skin 3
a: Renounce Religion, Upheaval, Elemental Force, Disaster Area


You were on level 10 of the Dungeon.
You worshipped Qazlal.
Qazlal was extremely pleased with you.
You visited 3 branches of the dungeon, and saw 12 of its levels.
You also visited: Ossuary.

You collected 706 gold pieces.
You spent 33 gold pieces at shops.

Inventory:

Hand Weapons
 w - the +5 hunting sling of the Slime-mould {freeze, +Fly Str+2}
   (You found it on level 5 of the Dungeon)

   It causes projectiles fired from it to freeze those they strike, causing
   extra injury to most foes and up to half again as much damage against
   particularly susceptible opponents.
   They can also slow down cold-blooded creatures.
   It affects your strength (+2).
   It lets you fly.
Armour
 a - a +2 robe of resistance
 H - a +2 robe of willpower (worn)
Jewellery
 r - a +4 ring of protection (left claw)
 x - an amulet of the acrobat (around neck)
 A - a ring of poison resistance (right claw)
 C - an uncursed amulet of regeneration {unknown}
Wands
 j - a wand of iceblast (11)
 B - a wand of acid (19)
 E - a wand of paralysis (8)
Scrolls
 c - 2 scrolls of blinking
 d - 4 scrolls of magic mapping
 e - 3 scrolls of remove curse
 f - 4 scrolls of teleportation
 g - 3 scrolls of enchant armour {unknown}
 h - a scroll of amnesia {unknown}
 i - a scroll of random uselessness {unknown}
 k - 4 scrolls of enchant weapon
 t - a scroll of torment {unknown}
 y - a scroll of fear {unknown}
 F - a scroll of immolation {unknown}
Potions
 b - 3 potions of heal wounds
 l - a potion of magic
 m - 8 potions of curing
 n - 3 potions of might
 o - a potion of invisibility
 p - a potion of attraction {unknown}
 q - a potion of flight {unknown}
 s - 2 potions of ambrosia {unknown}
 u - 2 potions of lignification {unknown}
 v - 4 potions of brilliance {unknown}
 z - a potion of resistance {unknown}
 G - a potion of berserk rage {unknown}
Books
 D - a manual of Dodging


   Skills:
 + Level 4.7 Fighting
 + Level 7.8 Dodging
 + Level 2.9 Stealth
 - Level 1.4 Shields
 + Level 13.8 Unarmed Combat
 * Level 4.9 Invocations


You had 10 spell levels left.
You didn't know any spells.
Your spell library was empty.

Dungeon Overview and Level Annotations

Branches:
Dungeon (10/15)            Temple (1/1) D:5            Lair (0/6) D:10
    Orc (1/2) D:10        Ossuary (visited)

Altars:
Ashenzari
Cheibriados
Dithmenos
Elyvilon
Fedhas
Gozag
Hepliaklqana
Kikubaaqudgha
Makhleb
Nemelex Xobeh
Okawaru
Qazlal
Ru
Sif Muna
Trog
Uskayaw
Vehumet
Wu Jian
Xom
Yredelemnul
Zin
The Shining One

Shops:
D:6 !   D:7 (

Annotations:
Orc:1 1 runed translucent door


Innate Abilities, Weirdness & Mutations

You are too large for most types of armour.
You have claws for hands.
Your natural rate of healing is unusually fast.
You are covered in fur. (AC +1)
You have extremely tough skin. (AC +3)


Message History

The stone giant hits you!
* * * LOW HITPOINT WARNING * * *
The orc no longer looks unusually strong.
You completely miss the stone giant.
The stone giant is moderately wounded.
The stone giant barely misses you.
You claw the stone giant!
The stone giant is heavily wounded.
The stone giant hits you!
* * * LOW HITPOINT WARNING * * *
The stone giant is engulfed in freezing vapours.
The stone giant hits you!
* * * LOW HITPOINT WARNING * * *
The orc is engulfed in blazing flames.
You kill the orc!
Qazlal accepts your kill.
The stone giant is engulfed in freezing vapours.
The stone giant is engulfed in freezing vapours.
The stone giant hits you!!
You die...

####### ## #.....#
#############)
#####.....#
#...........#)
###.........#
#...........#.
###...###..○.○###
#...........#. ##...###
#....☼C@###...........#.
...###
#..°.o#...'.....>.....'.
.###
#°.°.○#####..........[##
## #.....# #...........#
#.....# #...........#
##.#### #........)..#
#.# ########'#### #.##
#.# #..# #.#


You could see a stone giant and an orc.

Vanquished Creatures
  Erica (D:10)
  2 two-headed ogres (D:9)
  Pikel (D:7)
  2 orc sorcerers (Orc:1)
  An orc knight (D:10)
  Maurice (D:10)
  A wraith (Ossuary)
  4 yaks (D:9)
  3 wyverns
  A steam dragon (D:9)
  Edmund (D:6)
  A warg (Orc:1)
  2 water moccasins
  8 orc warriors
  3 ice beasts
  3 sky beasts
  3 black bears (D:9)
  A phantom (D:6)
  6 ogres
  A necrophage (D:9)
  3 centaurs
  2 big kobolds (D:9)
  A gnoll sergeant (D:6)
  2 bullfrogs (D:9)
  3 scorpions
  16 wights
  6 howler monkeys
  A centaur zombie (D:5)
  6 hounds
  A human zombie (Ossuary)
  A jelly (D:7)
  9 orc wizards
  9 orc priests
  A bullfrog skeleton (D:6)
  An iguana (D:7)
  6 worker ants
  A big kobold zombie (Ossuary)
  A hound zombie (D:7)
  3 mummies (Ossuary)
  3 hound skeletons
  A worker ant zombie (D:8)
  16 gnolls
  16 adders
  3 shadow imps
  A white imp (D:9)
  4 ufetubi
  2 oozes
  3 worms
  2 dart slugs
  2 leopard geckos
  41 orcs
  2 bats
  5 giant cockroaches
  7 hobgoblins
  2 jackals (D:6)
  4 quokkas
  3 ball pythons
  2 frilled lizards (D:4)
  9 goblins
  3 goblin zombies (Ossuary)
  2 hobgoblin zombies
  A jackal zombie (D:4)
  22 kobolds
  3 kobold zombies (Ossuary)
  7 rats
  A rat zombie (D:4)
286 creatures vanquished.

Vanquished Creatures (others)
  A rat (D:3)
1 creature vanquished.

Grand Total: 287 creatures vanquished

Notes
Turn   | Place    | Note
-------+----------+-------------------------------------------
     0 | D:1      | Almogavar the Troll Monk began the quest for the Orb.
     0 | D:1      | Reached XP level 1. HP: 22/22 MP: 0/0
   282 | D:1      | Reached XP level 2. HP: 29/29 MP: 1/1
   823 | D:2      | Found a radiant altar of Vehumet.
   867 | D:2      | Reached XP level 3. HP: 34/36 MP: 2/2
  1003 | D:2      | Reached skill level 4 in Unarmed Combat
  1120 | D:2      | Reached XP level 4. HP: 41/44 MP: 3/3
  1829 | D:3      | Found a white marble altar of Elyvilon.
  2040 | D:3      | Found a faded altar of an unknown god.
  2074 | D:3      | Reached XP level 5. HP: 52/52 MP: 4/4
  2422 | D:4      | Reached skill level 5 in Unarmed Combat
  2475 | D:4      | Reached XP level 6. HP: 55/61 MP: 5/5
  2547 | D:4      | Found a sand-covered staircase.
  2562 | Ossuary  | Entered an ossuary
  2562 | Ossuary  | Noticed a wraith
  2562 | Ossuary  | Noticed a wraith
  2562 | Ossuary  | Noticed a wraith
  2754 | Ossuary  | Noticed a wraith
  2768 | Ossuary  | Killed a wraith
  2769 | Ossuary  | Reached skill level 6 in Unarmed Combat
  2769 | Ossuary  | Reached XP level 7. HP: 21/67 MP: 6/6
  3542 | D:5      | Entered Level 5 of the Dungeon
  3698 | D:5      | Reached skill level 7 in Unarmed Combat
  3853 | D:5      | Found a staircase to the Ecumenical Temple.
  3862 | Temple   | Entered the Ecumenical Temple
  3987 | Temple   | Became a worshipper of Qazlal Stormbringer
  3987 | Temple   | Reached * piety under Qazlal
  3987 | Temple   | Reached ** piety under Qazlal
  4322 | D:5      | Got a shimmering hunting sling
  4323 | D:5      | Identified the +5 hunting sling of the Slime-mould {freeze,
                  | +Fly Str+2} (You found it on level 5 of the Dungeon)
  4505 | D:6      | Noticed Edmund
  4514 | D:6      | Killed Edmund
  4515 | D:6      | Reached skill level 8 in Unarmed Combat
  4515 | D:6      | Reached XP level 8. HP: 73/75 MP: 7/7
  4654 | D:6      | Reached skill level 9 in Unarmed Combat
  4847 | D:6      | Found Giopelyn's Distillery.
  4856 | D:6      | Bought a potion of curing for 33 gold pieces
  4989 | D:6      | Found a broken altar of Ashenzari.
  5105 | D:7      | Noticed Pikel
  5123 | D:7      | Killed Pikel
  5124 | D:7      | Reached skill level 1 in Shields
  5124 | D:7      | Reached skill level 10 in Unarmed Combat
  5124 | D:7      | Reached XP level 9. HP: 43/83 MP: 8/8
  5398 | D:7      | Reached *** piety under Qazlal
  5704 | D:7      | Reached skill level 5 in Dodging
  5822 | D:7      | Found Sasip's Antique Weapon Boutique.
  5952 | D:7      | Reached skill level 11 in Unarmed Combat
  6078 | D:8      | Reached skill level 1 in Invocations
  6083 | D:7      | HP: 4/84 [water moccasin (3)]
  6319 | D:8      | Reached **** piety under Qazlal
  7412 | D:9      | Reached XP level 10. HP: 92/92 MP: 10/10
  7837 | D:9      | Reached skill level 12 in Unarmed Combat
  7867 | D:9      | Noticed a two-headed ogre
  7878 | D:9      | Killed a two-headed ogre
  7945 | D:9      | Reached ***** piety under Qazlal
  7958 | D:9      | Noticed a two-headed ogre
  7964 | D:9      | Killed a two-headed ogre
  8364 | D:10     | Entered Level 10 of the Dungeon
  8377 | D:10     | Reached XP level 11. HP: 97/101 MP: 13/13
  8403 | D:10     | HP: 1/101 [orc priest/divine providence (14)]
  8427 | D:9      | Reached skill level 13 in Unarmed Combat
  8795 | D:10     | Noticed Maurice
  8840 | D:10     | Killed Maurice
  9040 | D:10     | Found a staircase to the Orcish Mines.
  9116 | D:10     | Found a staircase to the Lair.
  9159 | D:10     | Noticed Erica
  9168 | D:10     | Killed Erica
  9457 | Orc:1    | Entered Level 1 of the Orcish Mines
  9457 | Orc:1    | Noticed an orc sorcerer
  9459 | Orc:1    | Noticed an orc sorcerer
  9467 | Orc:1    | Killed an orc sorcerer
  9473 | Orc:1    | Killed an orc sorcerer
  9782 | Orc:1    | Found a runed translucent door.
  9782 | Orc:1    | Noticed an orc knight
  9782 | Orc:1    | Noticed an orc knight
  9782 | Orc:1    | Noticed a stone giant
  9926 | D:10     | Killed an orc knight
  9938 | D:10     | HP: 2/101 [stone giant (16)]
  9962 | D:10     | Mangled by a stone giant

Illustrated notes

Levels and vault maps discovered:
D:1:      sevenhm_arrival_forest_fort_large_4, layout_loops_ring
D:2:      layout_basic, fiery_altar_vehumet
D:3:      layout_rooms, chequers_ecumenical_altar_twisty, elyvilon_altar_4
D:4:      minmay_chambers_of_twos, layout_basic, enter_ossuary_3
D:5:      layout_gridville, minmay_temple_entry_statues_fountains
D:6:      layout_rooms, basic_altar, serial_shops, shop, uniq_edmund
D:7:      layout_basic, serial_shops, shop, kennysheep_generic_room_6,
          uniq_pikel
D:8:      layout_layer_cave
D:9:      minmay_s_stair_smasher, layout_loops_ring
D:10:     layout_roguey, lair_entry_dummy, david_orc_3, uniq_maurice, uniq_erica
Temple:   kilobyte_greek_temple
Orc:1:    layout_caves, ebering_ghost_reflecting_pool, basic_altar,
          guppyfry_library_mini

Skill      XL: |  1  2  3  4  5  6  7  8  9 10 11 |
---------------+----------------------------------+-----
Unarmed Combat | 4 5 6 8 10 11 12 13 | 13.8
Dodging        | 3 4 5 7 |  7.8
Fighting       | 3 4 |  4.7
Stealth        | 2 |  2.9
Shields        | 1 |  1.4
Invocations    | 2 4 |  4.9

Action                   |  1- 3 |  4- 6 |  7- 9 | 10-12 || total
-------------------------+-------+-------+-------+-------++-------
Melee: Unarmed           |    86 |   142 |   312 |   283 ||   823
       Punch             |     1 |     1 |     8 |    20 ||    30
  Use: Scroll            |       |     2 |     8 |     1 ||    11
       Potion            |       |       |     4 |       ||     4
 Stab: Sleeping          |       |     3 |     2 |       ||     5
Armor: Robe              |    29 |    35 |   103 |    73 ||   240
Dodge: Dodged            |    28 |    69 |   219 |   137 ||   453
Block: Other             |       |       |    53 |    60 ||   113
